 Dungeon Crawl Stone Soup version 0.23.2-33-g5129a83 (webtiles) character file.

Game seed: 9169994230757885533

84666 Geewizardry the Severer (level 15, 0/136 HPs)
             Began as a Minotaur Berserker on June 29, 2019.
             Was an Elder of Trog.
             Slain by the 27-headed Lernaean hydra (4 damage)
             ... on level 4 of the Swamp on June 30, 2019.
             The game lasted 01:46:36 (18327 turns).

Geewizardry the Severer (Minotaur Berserker)       Turns: 18327, Time: 01:46:37

Health: 0/136      AC: 32    Str: 33    XL:     15   Next: 35%
Magic:  14/14      EV: 13    Int:  4    God:    Trog [****..]
Gold:   1236       SH:  0    Dex:  9    Spells: 14/14 levels left

rFire    . . .     SeeInvis .   N - +9 battleaxe (elec)
rCold    . . .     Gourm    .   (shield currently unavailable)
rNeg     . . .     Faith    .   q - +10 plate armour
rPois    .         Spirit   .   (helmet restricted)
rElec    .         Reflect  .   Q - scarf {repulsion}
rCorr    .         Harm     .   x - +0 pair of gloves
MR       +++..                  I - +0 pair of boots {Stlth+}
Stlth    ..........             u - amulet of regeneration
HPRegen  1.72/turn              g - +3 ring of protection
MPRegen  0.14/turn              A - +3 ring of evasion

@: lethally poisoned (0 -> -8), about to teleport, berserk cooldown,
regenerating, slowed, studying Unarmed Combat, repel missiles, very slow
A: retaliatory headbutt, horns 2, talons 1, strong 2
a: Berserk, Trog's Hand, Brothers in Arms, Renounce Religion


You were on level 4 of the Swamp.
You worshipped Trog.
Trog was greatly pleased with you.
You were hungry.

You visited 4 branches of the dungeon, and saw 18 of its levels.
You also visited: Bailey and Volcano.

You collected 1236 gold pieces.

Inventory:

Hand Weapons
 s - a +0 fustibalus of flaming
 D - the +11 morningstar of Raraegre {flame, Int+4}
   (You found it on level 5 of the Dungeon)

   It has been specially enchanted to burn those struck by it, causing extra
   injury to most foes and up to half again as much damage against particularly
   susceptible opponents.
   It affects your intelligence (+4).
 G - the +5 trident of Eternal Night {flame, rN+ MR+ Str+6}
   (You found it on level 5 of the Dungeon)

   It has been specially enchanted to burn those struck by it, causing extra
   injury to most foes and up to half again as much damage against particularly
   susceptible opponents.
   It affects your strength (+6).
   It protects you from negative energy.
   It affects your resistance to hostile enchantments.
 N - a +9 battleaxe of electrocution (weapon)
 O - a +0 triple crossbow
 U - the +6 glaive of Reafuku {chop, Str+5}
   (You found it on level 1 of the Swamp)

   It inflicts extra damage upon your enemies.
   It affects your strength (+5).
Missiles
 j - 326 arrows
 o - 102 poisoned needles
Armour
 a - +0 steam dragon scales
 q - a +10 plate armour (worn)
 x - a +0 pair of gloves (worn)
 I - a +0 pair of boots of stealth (worn)
 Q - a scarf of repulsion (worn)
 T - a +2 chain mail of fire resistance
 V - +0 swamp dragon scales
Jewellery
 g - a +3 ring of protection (left hand)
 u - an amulet of regeneration (around neck)
 A - a +3 ring of evasion (right hand)
Wands
 p - a wand of paralysis (14)
 r - a wand of polymorph (1)
 y - a wand of acid (23)
 F - a wand of digging (12)
 M - a wand of iceblast (17)
 P - a wand of clouds (5)
 Y - a wand of flame (19)
Scrolls
 d - 2 scrolls of identify
 f - 7 scrolls of remove curse
 l - 5 scrolls of magic mapping
 m - a scroll of summoning
 E - 6 scrolls of teleportation
 X - a scroll of fear
Potions
 b - 5 potions of lignification
 h - 2 potions of heal wounds
 i - 7 potions of flight
 k - 2 potions of curing
 n - 7 potions of berserk rage
 t - 3 potions of brilliance
 w - a potion of ambrosia
 C - 4 potions of magic
 H - 5 potions of haste
 J - a potion of invisibility
 L - a potion of resistance {unknown}
 Z - 2 potions of agility
Books
 e - a manual of Unarmed Combat
Miscellaneous
 K - a sack of spiders
Comestibles
 c - 23 rations


   Skills:
 + Level 13.2 Fighting
 + Level 18.5(21.0) Axes
 + Level 17.1(20.1) Maces & Flails
 - Level 5.0(13.3) Polearms
 + Level 0.8 Throwing
 + Level 13.0 Armour
 + Level 4.7 Dodging
 - Level 1.2 Stealth


You had 14 spell levels left.
You didn't know any spells.
Your spell library contained the following spells:

 Spells                   Type           Power        Failure   Level  Hunger
 Beastly Appendage        Tmut           #.....       96%         1    ##.....
 Passwall                 Tmut/Erth      #.......     99%         2    ###....
 Blade Hands              Tmut           #.........   100%        5    ######.
 Yara's Violent Unravell  Hex/Tmut       #.........   100%        5    ######.
 Statue Form              Tmut/Erth      #........    100%        6    #######


Dungeon Overview and Level Annotations

Branches:
Dungeon (10/15)            Temple (0/1) D:7            Lair (3/6) D:10
  Swamp (4/4) Lair:3       Spider (1/4) Lair:2
    Orc: D:9-12

Altars:
Ashenzari
Elyvilon
Kikubaaqudgha
Nemelex Xobeh
Okawaru
Qazlal
Ru
Sif Muna
Uskayaw
Vehumet
Wu Jian
Zin
The Shining One

Annotations:
Swamp:4 Lernaean hydra


Innate Abilities, Weirdness & Mutations

You reflexively headbutt those who attack you in melee.
You have a pair of horns on your head.
You have sharp toenails.
Your muscles are very strong. (Str +4)


Message History

* * * LOW HITPOINT WARNING * * *
The 27-headed Lernaean hydra closely misses you.
The 27-headed Lernaean hydra bites you but does no damage.
The 27-headed Lernaean hydra completely misses you.
The 27-headed Lernaean hydra bites you but does no damage. x5
The swamp dragon bites you but does no damage.
The swamp dragon misses you. The swamp dragon barely misses you.
The 27-headed Lernaean hydra bites you.
* * * LOW HITPOINT WARNING * * *
The 27-headed Lernaean hydra bites you but does no damage. x4
The 27-headed Lernaean hydra bites you.
* * * LOW HITPOINT WARNING * * *
The 27-headed Lernaean hydra bites you but does no damage.
The 27-headed Lernaean hydra barely misses you.
The 27-headed Lernaean hydra bites you but does no damage. x3
The 27-headed Lernaean hydra bites you.
* * * LOW HITPOINT WARNING * * *
The 27-headed Lernaean hydra bites you but does no damage.
The 27-headed Lernaean hydra bites you.
You die...

≈≈≈... ♣.○Z°..≈≈≈..≈≈≈≈.♣
≈≈≈.≈≈≈ ♣♣.§☼♣≈≈≈≈≈≈≈≈≈..♣♣
≈≈.≈.≈≈§.♣♣ ♣≈.§☼t.Z≈≈≈.≈≈.♣♣♣
≈≈♣♣.≈≈...♣ ♣.≈≈§♣.†§≈≈.♣♣♣♣
≈.♣..≈≈≈≈.♣ ♣♣♣♣♣♣♣≈D≈≈.♣♣
......≈≈≈.♣♣♣♣ ♣≈÷≈≈.≈♣..
≈≈≈.♣♣♣.≈≈≈.≈♣ ♣♣≈D.÷≈≈≈.≈≈.
≈≈≈≈♣♣.≈≈≈≈..♣ ♣♣D≈≈..n≈≈○≈≈≈≈
≈≈≈≈♣.≈≈≈≈≈≈≈♣♣♣@DD≈≈≈≈≈≈☼≈≈≈≈≈
≈≈.§..≈≈≈.≈≈...°DD)...≈..°≈≈..♣
..≈≈≈♣...♣♣♣♣°°°§°≈≈♣..≈≈i≈≈♣♣♣
.≈≈≈≈♣≈..♣ ♣♣♣°°≈≈♣♣≈.≈.≈≈≈.
≈.≈§≈≈≈♣♣♣ ♣§≈≈≈♣♣♣≈≈♣♣.≈.
♣≈≈♣♣≈.≈♣♣♣♣♣♣.♣♣♣♣♣ ♣♣♣ ≈≈
♣≈≈♣≈≈≈.≈...♣♣♣ ♣≈####♣≈.≈≈≈≈♣♣
♣♣♣♣ ### #♣≈≈≈≈≈♣♣♣...♣♣≈


You could see the 27-headed Lernaean hydra, a six-headed hydra, 5 swamp dragons
and a bog body.

Vanquished Creatures
  Nikola (Swamp:2)
  Roxanne (Swamp:3)
  4 thorn hunters
  4 entropy weavers (Lair:3)
  15 hydras
  6 ghost crabs
  3 two-headed ogres
  9 alligators
  2 shambling mangroves
  A hell knight (Volcano)
  6 fire crabs (Lair:3)
  A spriggan druid (Swamp:4)
  An unseen horror (D:9)
  7 swamp dragons
  2 orc knights (Bailey)
  3 salamanders (Volcano)
  5 elephants (Lair:2)
  2 molten gargoyles (Volcano)
  An apocalypse crab (Lair:3)
  Maurice (D:9)
  14 spiny frogs
  A komodo dragon (Lair:2)
  A demonic crawler (Spider:1)
  A troll (D:9)
  2 jumping spiders
  11 hornets
  9 bog bodies
  5 slime creatures (Swamp:2)
  16 tyrant leeches
  Prince Ribbit (D:5)
  11 blink frogs
  3 hippogriffs
  2 tarantellas
  2 humans (D:8)
  4 redbacks
  4 spriggans
  2 wyverns
  A basilisk (Lair:1)
  21 yaks
  A hungry ghost (D:9)
  2 fire bats (Volcano)
  A steam dragon (D:10)
  Menkaure (D:7)
  4 vampire mosquitoes (Swamp:3)
  8 insubstantial wisps (Swamp:1)
  14 swamp worms
  6 porcupines
  4 water moccasins
  8 orc warriors
  A black bear (Lair:2)
  17 swamp drakes
  2 phantoms
  An ice beast (D:10)
  A sky beast (D:7)
  3 ogres
  A crocodile (D:9)
  3 centaurs
  4 bullfrogs
  2 gnoll sergeants
  A wyvern zombie (D:10)
  6 scorpions
  8 killer bees
  A howler monkey (D:9)
  3 electric eels
  9 lava snakes (Volcano)
  5 crimson imps
  2 bullfrog zombies
  2 centaur zombies (D:5)
  2 jellies
  10 orc priests
  8 orc wizards
  13 hounds
  5 iguanas
  5 worker ants
  A hound zombie (D:10)
  2 hound skeletons
  9 gnolls
  11 adders
  2 adder zombies
  5 worms
  4 leopard geckos
  50 orcs
  9 bats
  8 giant cockroaches
  6 goblins
  8 hobgoblins
  12 jackals
  5 quokkas
  2 ball pythons
  6 frilled lizards
  A jackal zombie (D:8)
  6 kobolds
  A leopard gecko skeleton (D:5)
  A quokka skeleton (D:5)
  4 rats
  A fungus (Lair:2)
  A plant (Lair:2)
505 creatures vanquished.

Vanquished Creatures (collateral kills)
  A hydra (Lair:2)
  A salamander mystic (Volcano)
  An orc knight (Bailey)
  A salamander (Volcano)
  A gargoyle (D:10)
  A troll (D:10)
  2 orc warriors (Bailey)
  A swamp drake (Swamp:2)
  An electric eel (D:10)
  A hound (D:10)
  15 orcs (Bailey)
26 creatures vanquished.

Vanquished Creatures (others)
  A hydra (Swamp:4)
  A spriggan druid (Swamp:4)
  A hornet (Swamp:4)
  A swamp drake (Swamp:4)
  A hound (D:10)
  2 orcs (D:10)
7 creatures vanquished.

Grand Total: 538 creatures vanquished

Notes
Turn   | Place    | Note
-------+----------+-------------------------------------------
     0 | D:1      | Geewizardry the Minotaur Berserker began the quest for the
                  | Orb.
     0 | D:1      | Reached XP level 1. HP: 19/19 MP: 0/0
   204 | D:1      | Reached XP level 2. HP: 22/27 MP: 1/1
   266 | D:1      | Reached skill level 4 in Axes
   599 | D:2      | Reached ** piety under Trog
   599 | D:2      | Reached XP level 3. HP: 25/33 MP: 2/2
  1457 | D:2      | Found a sacrificial altar of Ru.
  1567 | D:2      | Reached XP level 4. HP: 35/41 MP: 3/3
  1882 | D:2      | Gained mutation: Your flesh is heat resistant. (rF+)
                  | [potion of mutation]
  1882 | D:2      | Gained mutation: You are dopey. (Int -2) [potion of
                  | mutation]
  1882 | D:2      | Gained mutation: Your system is resistant to poisons.
                  | (rPois) [potion of mutation]
  1883 | D:2      | Lost mutation: Your flesh is heat resistant. (rF+) [potion
                  | of mutation]
  1883 | D:2      | Lost mutation: You are dopey. (Int -2) [potion of mutation]
  1883 | D:2      | Lost mutation: Your system is resistant to poisons. (rPois)
                  | [potion of mutation]
  1883 | D:2      | Gained mutation: You have sharp toenails. [potion of
                  | mutation]
  1883 | D:2      | Gained mutation: Your spells are a little harder to cast,
                  | but a little more powerful. [potion of mutation]
  2446 | D:3      | Reached XP level 5. HP: 42/47 MP: 4/4
  2449 | D:3      | Reached skill level 5 in Axes
  2449 | D:3      | Reached skill level 1 in Maces & Flails
  3093 | D:4      | Reached XP level 6. HP: 47/55 MP: 5/5
  3117 | D:4      | Reached *** piety under Trog
  3144 | D:4      | Reached skill level 5 in Fighting
  3257 | D:4      | Found a deep blue altar of Sif Muna.
  3302 | D:4      | Reached skill level 6 in Axes
  3302 | D:4      | Reached XP level 7. HP: 60/61 MP: 6/6
  3670 | D:5      | Entered Level 5 of the Dungeon
  3734 | D:5      | Found a shattered altar of Ashenzari.
  3739 | D:5      | Reached skill level 5 in Maces & Flails
  3812 | D:5      | Got a pitted morningstar
  3833 | D:5      | Noticed Prince Ribbit
  3836 | D:5      | Reached skill level 5 in Armour
  3870 | D:5      | Killed Prince Ribbit
  3870 | D:5      | Reached XP level 8. HP: 46/70 MP: 7/7
  3928 | D:5      | Reached **** piety under Trog
  4023 | D:5      | Identified the +11 morningstar of Raraegre {flame, Int+4}
                  | (You found it on level 5 of the Dungeon)
  4148 | D:5      | Got a pitted trident
  4218 | D:5      | Identified the +5 trident of Eternal Night {flame, rN+ MR+
                  | Str+6} (You found it on level 5 of the Dungeon)
  4381 | D:6      | Noticed a +0 dagger
  4381 | D:6      | Noticed a +0 dagger
  4382 | D:6      | Found a hide-covered altar of Uskayaw.
  4962 | D:7      | Found a staircase to the Ecumenical Temple.
  4989 | D:7      | Reached skill level 10 in Maces & Flails
  4989 | D:7      | Reached XP level 9. HP: 43/75 MP: 8/8
  5108 | D:7      | Found a sparkling altar of Nemelex Xobeh.
  5151 | D:7      | Found a glowing golden altar of the Shining One.
  5346 | D:7      | Found a white marble altar of Elyvilon.
  5415 | D:7      | Noticed Menkaure
  5420 | D:7      | Killed Menkaure
  5451 | D:7      | Found an ornate altar of the Wu Jian Council.
  5751 | D:7      | Found an ancient bone altar of Kikubaaqudgha.
  5813 | D:8      | Noticed a two-headed ogre
  5821 | D:8      | Killed a two-headed ogre
  5921 | D:8      | Found an iron altar of Okawaru.
  6033 | D:8      | Found a radiant altar of Vehumet.
  6308 | D:9      | Reached XP level 10. HP: 84/84 MP: 9/9
  6309 | D:9      | Reached ***** piety under Trog
  6390 | D:9      | Noticed a two-headed ogre
  6394 | D:9      | Found a flagged portal.
  6403 | D:9      | Killed a two-headed ogre
  6455 | Bailey   | Entered a bailey
  6894 | Bailey   | Noticed an orc knight
  6903 | Bailey   | Killed an orc knight
  7075 | Bailey   | Noticed an orc knight
  7079 | Bailey   | Noticed an orc knight
  7083 | Bailey   | Killed an orc knight
  7090 | Bailey   | Killed an orc knight
  7333 | D:9      | Killed an unseen horror
  7333 | D:9      | Reached XP level 11. HP: 93/94 MP: 10/10
  7388 | D:9      | Reached skill level 15 in Maces & Flails
  7769 | D:9      | Noticed Maurice
  7773 | D:9      | Killed Maurice
  8052 | D:9      | Noticed a two-headed ogre
  8055 | D:9      | Killed a two-headed ogre
  8371 | D:9      | Found a glowing silver altar of Zin.
  8565 | D:10     | Entered Level 10 of the Dungeon
  8629 | D:10     | HP: 4/95 [electric eel/bolt of electricity (2)]
  8859 | D:10     | Found a staircase to the Lair.
  9302 | Lair:1   | Entered Level 1 of the Lair of Beasts
  9308 | Lair:1   | Reached skill level 10 in Armour
  9957 | Lair:1   | Noticed a seven-headed hydra
  9964 | Lair:1   | Killed an eight-headed hydra
  9964 | Lair:1   | Reached skill level 10 in Fighting
 10275 | Lair:2   | Reached XP level 12. HP: 106/106 MP: 11/11
 10554 | Lair:2   | Noticed a five-headed hydra
 10561 | Lair:2   | Killed a five-headed hydra
 10561 | Lair:2   | Reached skill level 1 in Stealth
 10656 | Lair:2   | Found a hole to the Spider Nest.
 10929 | Lair:2   | Received a gift from Trog
 11165 | Spider:1 | Entered Level 1 of the Spider Nest
 11356 | Lair:3   | Reached skill level 7 in Axes
 11419 | Lair:3   | Found a dark tunnel.
 11427 | Volcano  | Entered a volcano
 11697 | Volcano  | Found a radiant altar of Vehumet.
 11702 | Volcano  | Reached skill level 8 in Axes
 11818 | Volcano  | Reached skill level 9 in Axes
 12286 | Lair:3   | Found a runed translucent door.
 12299 | Lair:3   | Reached XP level 13. HP: 116/117 MP: 12/12
 12310 | Lair:3   | Reached skill level 10 in Axes
 12375 | Lair:3   | Noticed an entropy weaver
 12384 | Lair:3   | Killed an entropy weaver
 12387 | Lair:3   | Reached skill level 11 in Axes
 12479 | Lair:3   | Noticed an entropy weaver
 12487 | Lair:3   | Killed an entropy weaver
 12560 | Lair:3   | Reached skill level 12 in Axes
 12561 | Lair:3   | Noticed an entropy weaver
 12581 | Lair:3   | HP: 3/118 [entropy weaver (10)]
 12589 | Lair:3   | Killed an entropy weaver
 12693 | Lair:3   | Noticed an entropy weaver
 12703 | Lair:3   | Killed an entropy weaver
 12980 | Lair:3   | Found a stormy altar of Qazlal.
 13115 | Lair:3   | Reached skill level 13 in Axes
 13122 | Lair:3   | Found a staircase to the Swamp.
 13396 | Swamp:1  | Entered Level 1 of the Swamp
 13481 | Swamp:1  | Got an ebony glaive
 13482 | Swamp:1  | Identified the +6 glaive of Reafuku {chop, Str+5} (You
                  | found it on level 1 of the Swamp)
 13523 | Swamp:1  | Reached skill level 1 in Polearms
 13847 | Swamp:1  | Reached skill level 5 in Polearms
 14065 | Swamp:1  | Received a gift from Trog
 14078 | Swamp:1  | Reached skill level 14 in Axes
 14121 | Swamp:1  | Reached XP level 14. HP: 45/126 MP: 13/13
 14711 | Swamp:2  | Reached skill level 15 in Axes
 14719 | Swamp:2  | Noticed a thorn hunter
 14737 | Swamp:2  | HP: 6/126 [thorn hunter/volley of thorns (15)]
 14860 | Swamp:2  | Killed a thorn hunter
 15420 | Swamp:2  | Noticed a thorn hunter
 15438 | Swamp:2  | Killed a thorn hunter
 15438 | Swamp:2  | Reached skill level 16 in Axes
 16154 | Swamp:2  | Noticed Nikola
 16168 | Swamp:2  | Killed Nikola
 16168 | Swamp:2  | Reached skill level 17 in Axes
 16195 | Swamp:2  | Lost mutation: You have sharp toenails. [potion of
                  | mutation]
 16195 | Swamp:2  | Lost mutation: Your spells are a little harder to cast, but
                  | a little more powerful. [potion of mutation]
 16195 | Swamp:2  | Gained mutation: Your muscles are strong. (Str +2) [potion
                  | of mutation]
 16195 | Swamp:2  | Gained mutation: Your muscles are very strong. (Str +4)
                  | [potion of mutation]
 16195 | Swamp:2  | Gained mutation: You have sharp toenails. [potion of
                  | mutation]
 16486 | Swamp:3  | Noticed a thorn hunter
 16530 | Swamp:3  | Killed a thorn hunter
 16589 | Swamp:3  | Noticed a thorn hunter
 16608 | Swamp:2  | Killed a thorn hunter
 17502 | Swamp:3  | Identified Roxanne's Catalogue of Transformation
 17502 | Swamp:3  | Noticed Roxanne
 17519 | Swamp:3  | Killed Roxanne
 17519 | Swamp:3  | Reached XP level 15. HP: 130/134 MP: 14/14
 17651 | Swamp:4  | Entered Level 4 of the Swamp
 17793 | Swamp:4  | Reached skill level 18 in Axes
 18324 | Swamp:4  | Noticed the 27-headed Lernaean hydra
 18327 | Swamp:4  | HP: 5/136 [the 27-headed Lernaean hydra (3)]
 18327 | Swamp:4  | Slain by the 27-headed Lernaean hydra

Skill      XL: |  1  2  3  4  5  6  7  8  9 10 11 12 13 14 15 |
---------------+----------------------------------------------+-----
Axes           | 4 5 6 9 14 17 18 | 18.5
Fighting       | 4 5 6 8 10 11 12 13 | 13.2
Armour         | 3 4 5 6 7 9 10 11 12 13 | 13.0
Maces & Flails | 2 3 7 10 12 14 16 17 | 17.1
Dodging        | 3 4 |  4.7
Stealth        | 1 |  1.2
Polearms       | 5 |  5.0
Throwing       | |  0.8

Action                   |  1- 3 |  4- 6 |  7- 9 | 10-12 | 13-15 || total
-------------------------+-------+-------+-------+-------+-------++-------
Melee: Hand axe          |    71 |    39 |       |       |       ||   110
       Headbutt          |    11 |    18 |    28 |    66 |   119 ||   242
       Kick              |       |    24 |    33 |    62 |       ||   119
       Flail             |       |    60 |    83 |       |       ||   143
       Morningstar       |       |       |   101 |   310 |   232 ||   643
       Battleaxe         |       |       |       |    77 |   369 ||   446
       Glaive            |       |       |       |       |     1 ||     1
Throw: Throwing net      |       |       |       |       |     8 ||     8
Invok: Berserk           |       |     2 |    10 |    17 |    24 ||    53
       Trog's Hand       |       |       |     1 |     3 |    12 ||    16
       Brothers in Arms  |       |       |       |     8 |     3 ||    11
Evoke: Wand              |       |       |       |     1 |       ||     1
  Use: Scroll            |     6 |     4 |    10 |    24 |    10 ||    54
       Potion            |       |     2 |       |     1 |    11 ||    14
 Stab: Held in net/web   |       |       |       |       |     1 ||     1
       Invisible         |       |       |       |       |     2 ||     2
  Eat: Chunk             |     2 |     6 |    17 |    37 |    25 ||    87
       Ration            |       |       |     1 |     2 |     7 ||    10
Armor: Ring mail         |    34 |     3 |       |       |       ||    37
       Animal skin       |     1 |       |       |       |       ||     1
       Plate armour      |       |    60 |   140 |   258 |   786 ||  1244
Dodge: Dodged            |    47 |    37 |    77 |   197 |   567 ||   925
       Deflected         |       |       |       |    10 |    19 ||    29
